 Dungeon Crawl Stone Soup version 0.27.1 (webtiles) character file.

Game seed: 12562333267890441562

51 Malachi the Digger (level 3, -7/22 HPs)
             Began as an Octopode Earth Elementalist on Aug 26, 2021.
             Mangled by an iguana (8 damage)
             ... on level 3 of the Dungeon.
             The game lasted 00:03:24 (2200 turns).

Malachi the Digger (Octopode Earth Elementalist)    Turns: 2200, Time: 00:03:25

Health: -7/22      AC:  1    Str:  7    XL:     3   Next: 83%
Magic:  1/6        EV: 13    Int: 18    God:
Gold:   72         SH:  0    Dex: 12    Spells: 5/6 levels left

rFire    . . .     SeeInvis .   f - +0 triple sword
rCold    . . .     Faith    .   (shield currently unavailable)
rNeg     . . .     Spirit   .   (helmet restricted)
rPois    +         Reflect  .   (no amulet)
rElec    .         Harm     .   a - ring of poison resistance
rCorr    .         Rampage  .   (no ring)
Will     .....                  (no ring)
Stlth    +++.......             (no ring)
HPRegen  0.07/turn              (no ring)
MPRegen  0.10/turn              (no ring)
                                (no ring)
                                (no ring)

@: no status effects
A: almost no armour, amphibious, 8 rings, camouflage 1, gelatinous body 1,
(nimble swimmer 1), tentacles, evolution 1
a: no special abilities


You were on level 3 of the Dungeon.
You visited 1 branch of the dungeon, and saw 3 of its levels.

You collected 72 gold pieces.

Inventory:

Hand Weapons
 e - a +0 antimagic dagger
 f - a +0 triple sword (weapon)
Missiles
 b - 26 stones
Jewellery
 a - a ring of poison resistance (left tentacle)
Scrolls
 g - a scroll of holy word {unknown}
 h - a scroll of identify {unknown}
Potions
 c - a potion of mutation
 d - 3 potions of brilliance


   Skills:
 + Level 0.9 Fighting
 - Level 2.0 Dodging
 - Level 2.6 Stealth
 - Level 2.0 Spellcasting
 - Level 1.0 Transmutations
 * Level 4.4 Earth Magic


You had 5 spell levels left.
You knew the following spells:

 Your Spells              Type           Power      Damage    Failure   Level
a - Sandblast             Erth           34%        2d9       3%          1

Your spell library contained the following spells:

 Spells                   Type           Power      Damage    Failure   Level
 Passwall                 Tmut/Erth      9%         N/A       9%          2
 Stone Arrow              Conj/Erth      18%        3d8       22%         3
 Summon Guardian Golem    Hex/Summ       1%         N/A       47%         3
 Petrify                  Tmut/Erth      11%        N/A       52%         4
 Orb of Destruction       Conj           0%         N/A       100%        7
 Spellforged Servitor     Conj/Summ      0%         N/A       100%        7


Dungeon Overview and Level Annotations

Branches:
Dungeon (3/15)

Altars:

Annotations:
D:2 exclusion: downstairs
D:3 Grinder


Innate Abilities, Weirdness & Mutations

You cannot wear most types of armour.
You are amphibious.
You can wear up to eight rings at the same time.
Your skin changes colour to match your surroundings (Stealth+).
Your rubbery body absorbs attacks. (AC +1, EV +1)
((You are camouflaged near water. (Stealth+)))
You have tentacles for arms and can constrict up to eight enemies at once.
You evolve.


Message History

Level annotation: Grinder
There is a stone staircase leading up here.
Found a stone staircase leading down.
Found 10 gold pieces.
Found a scroll labelled WISYAXZEKYU.
An iguana comes into view.
Found a hand axe.
Aiming: Sandblast (safe; 3% risk of failure)
Press: ? - help, Q - select action, (/) - cycle Shift-Dir - straight line, f - iguana
Aim: an iguana (wandering, hasn't noticed you, 82% to hit)
The blast of sand hits the iguana.
The iguana is lightly wounded.
The iguana hisses angrily.
Aiming: Sandblast (safe; 3% risk of failure)
Press: ? - help, Q - select action, (/) - cycle Shift-Dir - straight line, f/p - iguana
Aim: an iguana (lightly wounded, 82% to hit)
The blast of sand hits the iguana!
The iguana is heavily wounded.
The iguana bites you!
A necrophage comes into view.
Aiming: Sandblast (safe; 3% risk of failure)
Press: ? - help, Q - select action, (/) - cycle Shift-Dir - straight line, f/p - iguana
Aim: an iguana (heavily wounded, 82% to hit)
The blast of sand misses the iguana.
The iguana bites you.
Unknown command.
Aiming: Sandblast (safe; 3% risk of failure)
Press: ? - help, Q - select action, (/) - cycle Shift-Dir - straight line, f/p - iguana
Aim: an iguana (heavily wounded, 82% to hit)
The blast of sand hits the iguana but does no damage.
The iguana is heavily wounded.
The iguana bites you!
* * * LOW HITPOINT WARNING * * *
Aiming: Sandblast (safe; 3% risk of failure)
Press: ? - help, Q - select action, (/) - cycle Shift-Dir - straight line, f/p - iguana
Aim: an iguana (heavily wounded, 82% to hit)
The blast of sand hits the iguana.
The iguana is severely wounded.
The iguana bites you!
You die...

### #<# # #.# .#
#.# .# #
#######.####.###.#
#.................
#.................
.......@.>........
#......l..........
#.............?...
#.........$......)
#.................
#.n...............
#.................
..................


You could see a necrophage and an iguana.

Vanquished Creatures
  An adder (D:2)
  2 worms (D:2)
  3 dart slugs
  3 endoplasms (D:1)
  2 giant cockroaches (D:1)
  3 goblins (D:1)
  2 hobgoblins
  4 jackals (D:2)
  A quokka (D:2)
  2 bats
  2 frilled lizards (D:1)
  3 kobolds
  2 rats
30 creatures vanquished.

Notes
Turn   | Place    | Note
-------+----------+-------------------------------------------
     0 | D:1      | Malachi the Octopode Earth Elementalist began the quest for
                  | the Orb.
     0 | D:1      | Reached XP level 1. HP: 11/11 MP: 3/3
   513 | D:1      | Found a faded altar of an unknown god.
   566 | D:1      | Reached XP level 2. HP: 17/17 MP: 5/5
   908 | D:1      | Reached skill level 4 in Earth Magic
  1254 | D:2      | Reached XP level 3. HP: 21/21 MP: 4/6
  1659 | D:2      | HP: 1/22 [adder (2)]
  1660 | D:2      | Gained mutation: You evolve. [potion of mutation]
  2145 | D:3      | Noticed Grinder
  2197 | D:3      | Noticed a necrophage
  2199 | D:3      | HP: 1/22 [iguana (9)]
  2200 | D:3      | Mangled by an iguana

Illustrated notes

Levels and vault maps discovered:
D:1:      elethiomel_arrival_quiet, layout_basic,
          ebering_ecumenical_altar_abandoned, minmay_misc_feat_rugged,
          minmay_tall_x
D:2:      layout_rooms
D:3:      layout_basic, uniq_grinder

Skill      XL: |  1  2 |
---------------+-------+-----
Earth Magic    | 4 |  4.4
Fighting       | |  0.9
Dodging        | |  2.0
Stealth        | |  2.6
Spellcasting   | |  2.0
Transmutations | |  1.0

Action                   || total
-------------------------++-------
Melee: Unarmed           ||    25
       Tentacles         ||    11
       Constrict         ||    12
       Triple sword      ||    20
 Cast: Sandblast         ||    23
  Use: Potion            ||     2
 Stab: Sleeping          ||     6
Armor: Skin              ||     4
Dodge: Dodged            ||    32
       Rpst.: Triple sword ||     5
